 Dungeon Crawl Stone Soup version 0.20-a0-4-gd166d5d (webtiles) character file.

393 JustSomeDude the Chopper (level 6, -1/48 HPs)
             Began as a Demonspawn Monk on Oct 31, 2016.
             Slain by a gnoll
             ... wielding a +0 spear
              (9 damage)
             ... on level 4 of the Dungeon.
             The game lasted 00:13:23 (4142 turns).

JustSomeDude the Chopper (Demonspawn Monk)          Turns: 4142, Time: 00:13:24

Health: -1/48      AC: 10    Str: 14      XL:     6   Next: 51%
Magic:  6/6        EV: 11    Int: 10 (11) God:
Gold:   257        SH:  3    Dex: 13 (15) Spells: 0 memorised, 5 levels left

rFire  . . .     SeeInvis .     a - +0 hand axe
rCold  . . .     Gourm    .     h - +0 ring mail
rNeg   . . .     Faith    .     y - +0 buckler
rPois  .         Spirit   .     s - +0 helmet
rElec  .         Reflect  .     (no cloak)
rCorr  .         Harm     .     u - +1 pair of gloves
MR     .....                    (no boots)
Stlth  +.........               d - amulet of magic regeneration
                                (no ring)
                                (no ring)

@: no status effects
A: molten scales 1, powered by death 1, powered by pain 1
a: no special abilities


You were on level 4 of the Dungeon.
You were very hungry.

You visited 1 branch of the dungeon, and saw 4 of its levels.

You collected 257 gold pieces.

Inventory:

Hand Weapons
 a - a +0 hand axe (weapon)
Armour
 h - a +0 ring mail (worn)
 i - a +0 pair of gloves
 j - a +0 chain mail
 k - a +0 cloak
 s - a +0 helmet (worn)
 u - a +1 pair of gloves (worn)
 y - a +0 buckler (worn)
Jewellery
 d - an amulet of magic regeneration (around neck)
Scrolls
 b - 3 scrolls of identify
 f - 2 scrolls of fog
 g - 2 scrolls of random uselessness {unknown}
 m - a scroll of teleportation
 r - a scroll of enchant weapon {unknown}
 z - a scroll of magic mapping {unknown}
 A - a scroll of recharging {unknown}
 B - a scroll of fear {unknown}
Potions
 v - a potion of brilliance
Comestibles
 c - 4 bread rations
 o - 2 meat rations
 w - a chunk of flesh


   Skills:
 + Level 3.8 Fighting
 + Level 4.7 Axes
 + Level 2.2 Armour
 + Level 3.9 Dodging
 + Level 2.2 Stealth
 + Level 0.6 Shields


You had 5 spell levels left.
You didn't know any spells.

Dungeon Overview and Level Annotations

Branches:
Dungeon (4/15)
 Temple: D:4-7

Altars:

Annotations:
D:3 Zorot's ghost, amateur MiBe


Innate Abilities, Weirdness & Mutations

You are partially covered in molten scales. (AC +2)
You regenerate a little health from kills.
You sometimes gain a little power by taking damage.


Message History

The howler monkey barely misses you.
You closely miss the gnoll. You barely miss the howler monkey.
You block the gnoll's attack. The howler monkey hits you.
The gnoll hits you from afar with a spear.
* * * LOW HITPOINT WARNING * * *
The gnoll hits you with a spear.
* * * LOW HITPOINT WARNING * * *
You hit the gnoll.
The gnoll is lightly wounded.
You hit the howler monkey.
The howler monkey hits you but does no damage.
The gnoll hits you but does no damage. The howler monkey hits you.
* * * LOW HITPOINT WARNING * * *
The gnoll hits you with a spear.
* * * LOW HITPOINT WARNING * * *
You hit the howler monkey.
The howler monkey is moderately wounded.
You hit the gnoll.
The gnoll hits you from afar with a spear!
You die...

#.##... .... ....... #...
.......###.. .......#...#
.......#...######. ......g
..........
.....§§##.........
......gg@h........
......§##§...#....
......§#.....#...........
.......#.................
.......#.................
##########...............
#......#...............
####.###..#....#..........
#.........#............#..


You could see a howler monkey and 2 gnolls.

Vanquished Creatures
  2 orc wizards (D:4)
  3 worker ants (D:4)
  A hound skeleton (D:4)
  Robin (D:4)
  3 gnolls (D:4)
  6 adders
  2 oozes
  A worm (D:3)
  4 dart slugs
  3 leopard geckos (D:2)
  12 orcs (D:4)
  A ball python (D:2)
  3 giant cockroaches
  11 hobgoblins
  10 jackals (D:3)
  13 kobolds
  A quokka (D:3)
  7 bats
  4 frilled lizards
  24 goblins
  5 rats
117 creatures vanquished.

Notes
Turn   | Place    | Note
-------+----------+-------------------------------------------
     0 | D:1      | JustSomeDude the Demonspawn Monk began the quest for the Orb.
     0 | D:1      | Reached XP level 1. HP: 18/18 MP: 1/1
   319 | D:1      | Reached skill level 3 in Axes
   319 | D:1      | Gained mutation: You are partially covered in molten scales. (AC +2) [demonic ancestry]
   319 | D:1      | Reached XP level 2. HP: 24/24 MP: 2/2
   845 | D:2      | Gained mutation: You sometimes gain a little power by taking damage. [demonic ancestry]
   845 | D:2      | Reached XP level 3. HP: 16/29 MP: 3/3
  1088 | D:2      | Reached XP level 4. HP: 28/35 MP: 4/4
  1563 | D:2      | Reached skill level 1 in Armour
  1656 | D:3      | Noticed Zorot's ghost (amateur MiBe)
  2935 | D:4      | Noticed Robin
  3046 | D:4      | Reached XP level 5. HP: 41/41 MP: 5/5
  3094 | D:4      | Noticed an ogre
  3282 | D:4      | Reached skill level 4 in Axes
  3501 | D:4      | HP: 1/42 [worker ant (5)]
  3834 | D:4      | Gained mutation: You regenerate a little health from kills. [demonic ancestry]
  3834 | D:4      | Reached XP level 6. HP: 48/48 MP: 6/6
  4120 | D:4      | Killed Robin
  4142 | D:4      | Slain by a gnoll

Vault maps used:
D:1:      minmay_arrival_cross
D:2:      first_bread
D:4:      corexii_shantytown, uniq_robin

Skill      XL: |  1  2  3  4  5 |
---------------+----------------+-----
Axes           | 3 4 |  4.7
Dodging        | 3 |  3.9
Armour         | 1 2 |  2.2
Stealth        | 2 |  2.2
Fighting       | |  3.8
Shields        | |  0.6

Action                   |  1- 3 |  4- 6 || total
-------------------------+-------+-------++-------
Melee: Hand axe          |   131 |   403 ||   534
  Use: Potion            |     1 |    12 ||    13
       Scroll            |       |     3 ||     3
 Stab: Sleeping          |       |     3 ||     3
  Eat: Chunk             |     1 |     8 ||     9
       Beef jerky        |       |     1 ||     1
Armor: Ring mail         |    66 |   170 ||   236
       Skin              |       |    79 ||    79
Dodge: Dodged            |    86 |   277 ||   363
Block: Buckler           |       |    50 ||    50
